 Dungeon Crawl Stone Soup version 0.29.0 (webtiles) character file.

Game seed: 8229692022539669610

4587 Dorkslayer the Cleaver (level 10, -2/91 HPs)
             Began as a Hill Orc Fighter on Sept 17, 2022.
             Slain by an orc warrior
             ... wielding a +0 war axe
              (13 damage)
             ... in a bailey.
             The game lasted 00:19:37 (7959 turns).

Dorkslayer the Cleaver (Hill Orc Fighter)           Turns: 7959, Time: 00:19:38

Health: -2/91      AC: 16    Str: 28    XL:     10   Next: 41%
Magic:  10/10      EV:  9    Int:  6    God:
Gold:   364        SH:  6    Dex: 12    Spells: 9/9 levels left

rFire   . . .      SeeInvis +   a - +1 war axe
rCold   . . .      Faith    .   c - +1 buckler
rNeg    . . .      Spirit   .   n - +1 plate armour of Eniximeo {Fly rPois Int-2}
rPois   +          Reflect  .   b - +1 helmet
rElec   .          Harm     .   (no cloak)
rCorr   .          Rampage  .   (no gloves)
Will    .....                   (no boots)
Stlth   ..........              (no amulet)
HPRegen 0.25/turn               q - ring of see invisible
MPRegen 0.12/turn               r - +6 ring of strength

@: flying
A: no striking features
a: no special abilities


You were in a bailey.
You visited 2 branches of the dungeon, and saw 9 of its levels.
You also visited: Sewer and Bailey.

You collected 364 gold pieces.

Inventory:

Hand Weapons
 a - a +1 war axe (weapon)
 e - a +4 short sword of flaming
Missiles
 s - 11 boomerangs (quivered)
 w - 2 boomerangs of dispersal
Armour
 b - a +1 helmet (worn)
 c - a +1 buckler (worn)
 n - the +1 plate armour of Eniximeo (worn) {Fly rPois Int-2}
   (You found it on level 7 of the Dungeon)

   Int:       It affects your intelligence (-2).
   rPois:     It protects you from poison.
   Fly:       It grants you flight.
Jewellery
 q - a ring of see invisible (left hand)
 r - a +6 ring of strength (right hand)
Wands
 d - a wand of flame (14)
Scrolls
 i - a scroll of enchant armour
 y - 2 scrolls of fog
 A - a scroll of immolation
 B - a scroll of enchant weapon
 C - a scroll of magic mapping
Potions
 f - a potion of resistance
 g - 4 potions of curing
 h - 4 potions of magic
 j - a potion of brilliance
 k - 8 potions of flight
 t - 2 potions of ambrosia {unknown}
 u - 2 potions of degeneration {unknown}
 v - a potion of attraction {unknown}
 x - 3 potions of cancellation {unknown}
 z - a potion of invisibility {unknown}


   Skills:
 * Level 9.4 Fighting
 + Level 11.5 Axes
 + Level 0.1 Throwing
 + Level 7.2 Armour
 * Level 4.7 Dodging
 + Level 0.1 Stealth
 + Level 5.4 Shields
 * Level 3.0 Evocations


You had 9 spell levels left.
You didn't know any spells.
Your spell library contained the following spells:

 Spells                   Type           Power      Damage    Failure   Level
 Summon Small Mammal      Summ           0%         N/A       99%         1
 Call Canine Familiar     Summ           0%         N/A       100%        3
 Confusing Touch          Hex            0%         N/A       100%        3
 Summon Guardian Golem    Hex/Summ       0%         N/A       100%        3
 Summon Forest            Summ/Tloc      0%         N/A       100%        5
 Summon Mana Viper        Hex/Summ       0%         N/A       100%        5
 Yara's Violent Unravell  Hex/Tmut       0%         3d3       100%        5
 Summon Cactus Giant      Summ           0%         N/A       100%        6
 Enfeeble                 Hex            0%         N/A       100%        7


Dungeon Overview and Level Annotations

Branches:
Dungeon (8/15)             Temple (1/1) D:6            Lair (0/5) D:8
  Sewer (visited)          Bailey (1/1)

Altars:
Cheibriados
Dithmenos
Elyvilon
Fedhas
Hepliaklqana
Kikubaaqudgha
Makhleb
Okawaru
Sif Muna
Trog
Uskayaw
Vehumet
Wu Jian
Zin
The Shining One
Lugonu

Shops:
D:2 (

Annotations:
D:8 Grum


Message History

Things that are here:
a boomerang; a kobold corpse
Items here: )) [[.
Things that are here:
a +0 war axe; a +0 chain mail You see here a kobold corpse.
You start resting.
A goblin is nearby!
You closely miss the goblin. The goblin hits you with a +0 war axe!
* * * LOW HITPOINT WARNING * * *
You barely miss the goblin. The goblin hits you but does no damage.
You slash the goblin!
You kill the goblin!
You barely miss the orc. You slash the orc!
You kill the orc!
You slash the orc warrior!
The orc warrior is moderately wounded.
The orc warrior hits you but does no damage.
You barely miss the orc warrior.
The orc warrior is moderately wounded.
The orc warrior closely misses you.
You hit the orc warrior.
The orc warrior is heavily wounded.
The orc warrior barely misses you.
You hit the orc warrior but do no damage.
The orc warrior is heavily wounded.
The orc warrior hits you with a +0 war axe.
* * * LOW HITPOINT WARNING * * *
You closely miss the orc warrior.
The orc warrior is heavily wounded.
The orc warrior hits you with a +0 war axe.
* * * LOW HITPOINT WARNING * * *
You closely miss the orc warrior.
The orc warrior is heavily wounded.
The orc warrior completely misses you.
You barely miss the orc warrior.
The orc warrior is heavily wounded.
The orc warrior hits you with a +0 war axe!
You die...

#≈≈≈≈≈≈..###.... .. ...#
... ≈≈≈≈≈≈≈..# +..### ##
#.o' .... #####....# #..#
.o# #.... ##...# #..#
..#....⌠. ##..######
##'#......
#.......#########o........
##..............o()......#
###########g#############
###..#.#..@#)#
#∩.#....#..o##
#############


You could see an orc warrior.

Vanquished Creatures
  An orc knight (Bailey)
  Maggie (D:7)
  Sigmund (D:5)
  A steam dragon (D:8)
  Menkaure (D:7)
  An acid dragon (D:7)
  2 water moccasins (D:8)
  3 black bears
  4 orc warriors
  A sky beast (D:6)
  4 ice beasts
  2 centaurs
  2 phantoms (D:5)
  A kobold brigand (D:6)
  3 necrophages
  4 bullfrogs
  4 scorpions
  A howler monkey (D:3)
  2 jellies (D:5)
  2 orc priests
  8 hounds
  Jessica (D:3)
  2 iguanas
  2 orc wizards
  8 gnolls
  17 adders
  6 river rats (Sewer)
  2 shadow imps
  A white imp (D:4)
  2 ufetubi
  3 worms
  3 dart slugs
  17 orcs
  20 ball pythons
  3 bats
  A bat zombie (D:4)
  9 endoplasms
  3 giant cockroaches
  10 goblins
  4 hobgoblins
  4 jackals
  2 quokkas
  3 frilled lizards
  20 kobolds
  24 rats
  4 rat zombies (D:4)
220 creatures vanquished.

Vanquished Creatures (others)
  A jelly (D:6)
  A demonic plant (Temple)
  22 fungi (D:8)
  31 plants (D:8)
55 creatures vanquished.

Grand Total: 275 creatures vanquished

Notes
Turn   | Place    | Note
-------+----------+-------------------------------------------
     0 | D:1      | Dorkslayer the Hill Orc Fighter began the quest for the
                  | Orb.
     0 | D:1      | Reached XP level 1. HP: 19/19 MP: 1/1
   448 | D:1      | Reached XP level 2. HP: 27/27 MP: 2/2
   640 | D:1      | Reached skill level 3 in Axes
   814 | D:1      | Reached XP level 3. HP: 25/33 MP: 3/3
  1705 | D:2      | Reached XP level 4. HP: 25/40 MP: 4/4
  1884 | D:2      | Found a shadowy altar of Dithmenos.
  2198 | D:2      | Found Lutid's Antique Weapon Shop.
  2343 | D:2      | Reached skill level 4 in Axes
  2602 | D:3      | Reached skill level 1 in Dodging
  2778 | D:3      | Found a faded altar of an unknown god.
  2798 | D:3      | Noticed Jessica
  2802 | D:3      | Killed Jessica
  2803 | D:3      | Reached XP level 5. HP: 47/47 MP: 5/5
  3472 | D:4      | Found a burning altar of Makhleb.
  3472 | D:4      | Noticed a balrug
  3755 | D:4      | Reached skill level 5 in Axes
  3762 | D:4      | Reached XP level 6. HP: 49/53 MP: 6/6
  3858 | D:4      | Found an ancient bone altar of Kikubaaqudgha.
  4196 | D:4      | Reached skill level 5 in Fighting
  4454 | D:5      | Entered Level 5 of the Dungeon
  4457 | D:5      | Found a transporter.
  4458 | D:5      | Noticed an ice beast
  4461 | D:5      | Found a radiant altar of Vehumet.
  4471 | D:5      | Found an iron altar of Okawaru.
  4474 | D:5      | Found an ornate altar of the Wu Jian Council.
  4477 | D:5      | Found a shadowy altar of Dithmenos.
  4515 | D:5      | Reached skill level 6 in Axes
  4515 | D:5      | Reached XP level 7. HP: 56/61 MP: 7/7
  4520 | D:5      | Reached skill level 5 in Armour
  4638 | D:5      | Found a glowing drain.
  4641 | D:5      | Reached skill level 7 in Axes
  4649 | Sewer    | Entered a sewer
  5019 | Sewer    | Reached XP level 8. HP: 68/70 MP: 8/8
  5212 | D:5      | Noticed Sigmund
  5222 | D:5      | Killed Sigmund
  5223 | D:5      | Reached skill level 8 in Axes
  5352 | D:5      | Found a transporter.
  5751 | D:5      | Reached skill level 9 in Axes
  5802 | D:6      | Reached XP level 9. HP: 63/79 MP: 9/9
  6026 | D:6      | Found a staircase to the Ecumenical Temple.
  6040 | Temple   | Entered the Ecumenical Temple
  6333 | D:6      | Reached skill level 5 in Shields
  6724 | D:7      | Noticed Maggie
  6735 | D:7      | Killed Maggie
  6736 | D:7      | Reached skill level 10 in Axes
  7081 | D:7      | Identified the +1 plate armour of Eniximeo {Fly rPois
                  | Int-2}
  7118 | D:7      | Noticed Menkaure
  7132 | D:7      | Killed Menkaure
  7133 | D:7      | Reached skill level 1 in Evocations
  7380 | D:8      | Reached XP level 10. HP: 65/90 MP: 10/10
  7453 | D:8      | Noticed Grum
  7526 | D:8      | Reached skill level 11 in Axes
  7533 | D:8      | Found a flagged portal.
  7537 | Bailey   | Entered a bailey
  7814 | Bailey   | Noticed an orc knight
  7895 | Bailey   | Noticed an orc knight
  7936 | Bailey   | Killed an orc knight
  7959 | Bailey   | Slain by an orc warrior

Illustrated notes

Levels and vault maps discovered:
D:1:      psy_arrival_radial01, layout_basic
D:2:      layout_basic, serial_shops, nicolae_lakefront_shop, basic_altar,
          dk_vineyard_2
D:3:      layout_basic, nicolae_ecumenical_snake_handling, minivault_25,
          grunt_decor_arrowhead, uniq_jessica
D:4:      layout_loops_corners, lemuel_zombie_altar_kikubaaqudgha,
          makhleb_altar_promises_db
D:5:      gammafunk_cloud_chamber, layout_loops_ring,
          grunt_temple_overflow_cloverleaf, portal_sewer_entry_d, uniq_sigmund
D:6:      minmay_goblin_kobold_castle, layout_rooms, temple_fountains,
          uniq_eustachio
D:7:      layout_cave_pools, uniq_menkaure, uniq_maggie
D:8:      layout_gridville, mainiacjoe_overflow_24_doors,
          due_lair_maze_entry_diamond, enter_bailey_4, skrybe_limestone_x,
          minmay_misc_feat_pillars, nicolae_looking_at_the_future, uniq_grum
Temple:   kb_corrupted_temple
Bailey:   bailey_axe_4, bailey

Skill      XL: |  1  2  3  4  5  6  7  8  9 10 |
---------------+-------------------------------+-----
Fighting       | 4 5 6 7 8 9 |  9.4
Axes           | 3 4 5 6 7 9 10 11 | 11.5
Armour         | 4 5 6 7 |  7.2
Dodging        | 1 2 3 4 |  4.7
Shields        | 4 5 |  5.4
Evocations     | 2 3 |  3.0
Throwing       | |  0.1
Stealth        | |  0.1

Action                   |  1- 3 |  4- 6 |  7- 9 | 10-12 || total
-------------------------+-------+-------+-------+-------++-------
Melee: War axe           |   102 |   207 |   281 |   106 ||   696
Throw: Boomerang         |       |       |     1 |     3 ||     4
  Use: Scroll            |       |     5 |     6 |     5 ||    16
       Potion            |       |       |     9 |     4 ||    13
Armor: Scale mail        |    46 |       |       |       ||    46
       Chain mail        |    17 |   139 |   159 |       ||   315
       Plate armour      |       |       |    21 |    68 ||    89
Dodge: Dodged            |    47 |    79 |   173 |    50 ||   349
Block: Buckler           |    22 |    57 |   103 |    49 ||   231
